 Dungeon Crawl Stone Soup version 0.27.1-33-g824d729ab1 (webtiles) character file.

Game seed: 3798092002795536873

418 comborobin the Skirmisher (level 6, 0/56 HPs)
             Began as a Palentonga Gladiator on Dec 27, 2021.
             Slain by a gnoll (8 damage)
             ... on level 4 of the Dungeon.
             The game lasted 00:02:30 (2761 turns).

comborobin the Skirmisher (Palentonga Gladiator)    Turns: 2761, Time: 00:02:31

Health: 0/56       AC:  6    Str: 17    XL:     6   Next: 61%
Magic:  6/6        EV: 10    Int:  9    God:
Gold:   146        SH:  0    Dex: 13    Spells: 5/5 levels left

rFire    . . .     SeeInvis +   k - +4 quarterstaff (chaos)
rCold    . . .     Faith    .   (shield currently unavailable)
rNeg     . . .     Spirit   .   b - +0 leather armour
rPois    .         Reflect  .   c - +0 helmet
rElec    .         Harm     .   l - +0 cloak
rCorr    .         Rampage  .   (no gloves)
Will     .....                  (no barding)
Stlth    +.........             i - amulet of the acrobat
HPRegen  0.18/turn              (no ring)
MPRegen  0.10/turn              (no ring)

@: no status effects
A: large, rugged brown scales 3, see invisible, deformed body, roll 1, armoured
tail
a: Rolling Charge


You were on level 4 of the Dungeon.
You visited 1 branch of the dungeon, and saw 4 of its levels.

You collected 146 gold pieces.

Inventory:

Hand Weapons
 a - a +0 war axe
 k - a +4 quarterstaff of chaos (weapon)
Missiles
 d - 3 throwing nets (quivered)
Armour
 b - a +0 leather armour (worn)
 c - a +0 helmet (worn)
 l - a +0 cloak (worn)
Jewellery
 i - an amulet of the acrobat (around neck)
Scrolls
 f - a scroll of enchant armour {unknown}
 g - 6 scrolls of identify
 h - 2 scrolls of noise {unknown}
Potions
 e - a potion of lignification
 j - a potion of might


   Skills:
 + Level 6.5 Fighting
 - Level 3.2 Axes
 * Level 1.7 Staves
 - Level 1.3 Throwing
 + Level 1.0 Armour
 - Level 2.4 Dodging


You had 5 spell levels left.
You didn't know any spells.
Your spell library was empty.

Dungeon Overview and Level Annotations

Branches:
Dungeon (4/15)
 Temple: D:4-7

Altars:
Ashenzari

Shops:
D:3 [


Innate Abilities, Weirdness & Mutations

You are completely covered in rugged brown scales. (AC +3, +7% HP)
You have supernaturally acute eyesight. (SInv)
Armour fits poorly on your strangely shaped body.
You can roll at nearby foes to attack.
You have a long armoured tail.


Message History

You sock the gnoll!
You kill the gnoll!
The quokka barely misses you. The gnoll closely misses you.
The gnoll hits you with a +0 whip.
You thump the gnoll! You freeze the gnoll.
The gnoll is almost dead.
The quokka closely misses you.
The gnoll hits you from afar with a +0 halberd!
The gnoll barely misses you. The quokka closely misses you.
The quokka closely misses you. The quokka completely misses you.
Found 16 gold pieces.
The quokka closely misses you. The quokka closely misses you.
The quokka barely misses you. The quokka misses you.
You thump the quokka!
You kill the quokka!
Your Armour skill increases to level 1!
You sock the gnoll!
You feel better.
You kill the gnoll!
The gnoll hits you from afar with a +0 halberd.
The gnoll completely misses you.
You see here a quokka corpse.
You closely miss the gnoll. The gnoll hits you with a +0 halberd!
The gnoll hits you with a +0 halberd.
You are too injured to fight recklessly!
You closely miss the gnoll. The gnoll closely misses you.
A gnoll is nearby!
You sock the gnoll! You freeze the gnoll.
You tail-slap the gnoll, but do no damage.
The gnoll is severely wounded.
The gnoll hits you but does no damage.
You hit the gnoll but do no damage.
The gnoll is severely wounded.
The gnoll hits you with a +0 halberd!
* * * LOW HITPOINT WARNING * * *
You closely miss the gnoll.
The gnoll is severely wounded.
The gnoll hits you with a +0 halberd!
You die...

................##..##
##....#
...................##
#..##(.#
.........##........#
##.## #..#
........####........#
#..# ... ........#
##.....##.####.## ..#.
......... #.....##
#.##..# .# .........
#....### #....## ..#
...###
#.....)###....## #.#
###
##.###@.....#..##..#
..###g..>###.....##
...$#...## #......##.
. ........#
##........# ..#
........###.......#.#
#.#
#.........$.......## #
.#
#.................## #
#......######......#
......# #...)..#


You could see a gnoll.

Vanquished Creatures
  Sigmund (D:3)
  A howler monkey (D:4)
  Crazy Yiuf (D:3)
  An orc priest (D:3)
  A gnoll shaman (D:4)
  Natasha (D:4)
  A hound skeleton (D:4)
  2 gnolls (D:4)
  2 adders
  A worm (D:3)
  A dart slug (D:1)
  4 orcs (D:3)
  A ball python (D:4)
  7 bats
  5 endoplasms
  2 giant cockroaches (D:2)
  2 goblins
  4 hobgoblins
  6 jackals (D:1)
  3 quokkas
  5 kobolds
  5 rats
57 creatures vanquished.

Vanquished Creatures (others)
  4 fungi (D:3)
4 creatures vanquished.

Grand Total: 61 creatures vanquished

Notes
Turn   | Place    | Note
-------+----------+-------------------------------------------
     0 | D:1      | comborobin the Palentonga Gladiator began the quest for the
                  | Orb.
     0 | D:1      | Reached XP level 1. HP: 17/17 MP: 1/1
   284 | D:1      | Reached XP level 2. HP: 15/24 MP: 2/2
   575 | D:1      | Reached skill level 3 in Fighting
   713 | D:1      | You fall into a shaft and drop 1 floor!
   861 | D:2      | Reached XP level 3. HP: 28/31 MP: 3/3
  1372 | D:3      | Found a broken altar of Ashenzari.
  1445 | D:3      | Found Wikloiwk's Antique Armour Boutique.
  1445 | D:3      | Noticed Sigmund
  1464 | D:3      | Killed Sigmund
  1465 | D:3      | Reached skill level 5 in Fighting
  1465 | D:3      | Reached XP level 4. HP: 42/42 MP: 4/4
  1465 | D:3      | Reached XP level 5. HP: 49/49 MP: 5/5
  1768 | D:3      | Reached skill level 6 in Fighting
  2221 | D:3      | Found a runed translucent door.
  2222 | D:3      | Noticed Crazy Yiuf
  2233 | D:3      | Killed Crazy Yiuf
  2234 | D:3      | Reached XP level 6. HP: 30/56 MP: 4/6
  2429 | D:4      | Noticed Natasha
  2435 | D:4      | Killed Natasha
  2602 | D:4      | Reached skill level 1 in Staves
  2755 | D:4      | Reached skill level 1 in Armour
  2761 | D:4      | Slain by a gnoll

Illustrated notes

Levels and vault maps discovered:
D:1:      dpeg_chamrin_arrival_tetris, layout_basic,
          dreamdust_ecumenical_altar_grove, dk_noncrumbling_2
D:2:      layout_basic, minmay_fountain_box
D:3:      layout_rooms, mainiacjoe_overflow_paths, serial_shops,
          nicolae_shop_trees, uniq_crazy_yiuf_cottage, uniq_sigmund
D:4:      layout_layer_cave, dancing_weapons_uskayaw, kennysheep_another_room,
          kennysheep_generic_room_11, uniq_natasha, uniq_grinder

Skill      XL: |  1  2  3  4  5  6 |
---------------+-------------------+-----
Fighting       | 3 5 6 |  6.5
Staves         | 1 |  1.7
Armour         | 1 |  1.0
Axes           | |  3.2
Throwing       | |  1.3
Dodging        | |  2.4

Action                   |  1- 3 |  4- 6 || total
-------------------------+-------+-------++-------
Melee: War axe           |    86 |    39 ||   125
       Tailslap          |     8 |     6 ||    14
       Unarmed           |    13 |       ||    13
       Quarterstaff      |       |    26 ||    26
  Use: Scroll            |     3 |       ||     3
       Potion            |     1 |     3 ||     4
 Stab: Distracted        |       |     1 ||     1
Armor: Leather armour    |    66 |     8 ||    74
       Skin              |     7 |       ||     7
Dodge: Dodged            |    62 |    34 ||    96
